 Dungeon Crawl Stone Soup version 0.29.1-15-g9cfb28693d (webtiles) character file.

Game seed: 14853498021339845453

114 Lutefisk the Digger (level 4, -4/28 HPs)
             Began as a Gargoyle Earth Elementalist on Apr 22, 2023.
             Slain by a goblin
             ... wielding a +0 club
             ... led by Robin
              (6 damage)
             ... on level 3 of the Dungeon.
             The game lasted 00:12:19 (1141 turns).

Lutefisk the Digger (Gargoyle Earth Elementalist)   Turns: 1141, Time: 00:12:19

Health: -4/28      AC:  8    Str: 12    XL:     4   Next: 98%
Magic:  5/7        EV: 10    Int: 15    God:
Gold:   163        SH:  0    Dex: 12    Spells: 1/7 levels left

rFire   . . .      SeeInvis .   f - +0 mace
rCold   . . .      Faith    .   (no shield)
rNeg    + . .      Spirit   .   g - +0 ring mail
rPois   ∞          Reflect  .   (no helmet)
rElec   +          Harm     .   (no cloak)
rCorr   .          Rampage  .   (no gloves)
Will    .....                   (no boots)
Stlth   +.........              (no amulet)
HPRegen 0.09/turn               (no ring)
MPRegen 0.10/turn               (no ring)

@: about to teleport, weak-willed
A: sickness immunity, AC +3, negative energy resistance 1, electricity
resistance, torment resistance 1, petrification resistance
a: no special abilities


You were on level 3 of the Dungeon.
You visited 1 branch of the dungeon, and saw 3 of its levels.

You collected 163 gold pieces.

Inventory:

Hand Weapons
 f - a +0 mace (weapon)
 j - a +0 spear
Missiles
 l - 6 poisoned darts (quivered)
Armour
 g - a +0 ring mail (worn)
Scrolls
 d - a scroll of vulnerability
 h - a scroll of noise {unknown}
 i - a scroll of teleportation
 k - a scroll of amnesia {unknown}
Potions
 a - a potion of haste {unknown}
 b - a potion of magic
 c - 2 potions of brilliance {unknown}
 e - a potion of invisibility {unknown}
 m - a potion of heal wounds {unknown}
 n - a potion of mutation {unknown}


   Skills:
 - Level 3.0 Fighting
 * Level 1.2 Armour
 - Level 1.5 Dodging
 * Level 2.4 Stealth
 - Level 2.0 Spellcasting
 * Level 0.5 Conjurations
 - Level 0.7 Transmutations
 - Level 5.0 Earth Magic


You had one spell level left.
You knew the following spells:

 Your Spells              Type           Power      Damage    Failure   Level
a - Sandblast             Erth           32%        2d9       6%          1
b - Passwall              Tmut/Erth      8%         N/A       24%         2
c - Stone Arrow           Conj/Erth      18%        3d8       43%         3

Your spell library contained the following spells:

 Spells                   Type           Power      Damage    Failure   Level
 Petrify                  Tmut/Erth      10%        N/A       83%         4


Dungeon Overview and Level Annotations

Branches:
Dungeon (3/15)

Altars:
Qazlal
Trog

Annotations:
D:2 Terence
D:3 Grinder, Robin


Innate Abilities, Weirdness & Mutations

You are immune to sickness and miasma.
Your stone body is resilient. (AC +3)
You are immune to poison.
You resist negative energy. (rN+)
You are resistant to electric shocks. (rElec)
You are resistant to unholy torment.
You are immune to petrification.


Message History

The blast of sand hits the goblin!
You kill the goblin!
You open the door.
A goblin comes into view. It is wielding a +0 club.
The goblin shouts!
You hear a shout! x2
The ball python misses you. The ball python completely misses you.
There is an open door here.
As you read the scroll labelled PEOTHR HECYAJEBU, it crumbles to dust.
Magic quickly surges around you.
It was a scroll of vulnerability.
The goblin barely misses you.
The ball python bites you but does no damage.
The ball python grabs you. The ball python constricts you.
As you read the scroll labelled JAIMIWEVVU, it crumbles to dust.
You feel strangely unstable.
It was a scroll of teleportation.
The ball python bites you. The ball python constricts you.
The goblin barely misses you.
The hobgoblin hits you but does no damage.
You hit the goblin.
You kill the goblin!
The ball python barely misses you. The ball python constricts you.
The hobgoblin hits you.
Robin roars a battlecry!
The goblins go into a battle-frenzy!
The ball python bites you but does no damage.
The ball python constricts you.
Unknown command.
Casting: Sandblast (safe; 6% risk of failure)
Confirm with . or Enter, or press ? or * to list all spells.
Aiming: Sandblast (safe; 6% risk of failure)
Press: ? - help, Shift-Dir - straight line, f - ball python
Aim: a ball python (constricting you, weak-willed, 80% to hit)
The blast of sand hits the ball python!
You kill the ball python!
The hobgoblin hits you. The goblin hits you with a +0 club.
* * * LOW HITPOINT WARNING * * *
A hobgoblin comes into view.
The goblin hits you with a +0 dagger.
* * * LOW HITPOINT WARNING * * *
The hobgoblin misses you. The goblin hits you with a +0 club.
You die...

##.###.######.....# ##.
#.........#......# #.
####.####...#.##.## #.
#...........#..# ##
#.#.###g###.##.# #
#...# #)# .##.#
##..###)###.##.##
##.###gg5..##..#
#.g###@###.###.### #..#
#g# #.......######
##g###.###.####........
##...g..... ######.##
#...###.#. #..#
###..##.# ##.# #.).#..
.# #..J### .# ....# .#


You could see Grinder (weak-willed), Robin, 2 hobgoblins and 2 goblins.

Vanquished Creatures
  A bullfrog (D:3)
  An adder (D:3)
  A dart slug (D:2)
  2 bats
  4 endoplasms
  3 giant cockroaches
  4 goblins (D:3)
  5 hobgoblins
  3 jackals (D:2)
  3 quokkas (D:3)
  2 ball pythons (D:3)
  2 frilled lizards
  A kobold (D:2)
  2 rats
34 creatures vanquished.

Notes
Turn   | Place    | Note
-------+----------+-------------------------------------------
     0 | D:1      | Lutefisk the Gargoyle Earth Elementalist began the quest
                  | for the Orb.
     0 | D:1      | Reached XP level 1. HP: 10/10 MP: 3/3
   108 | D:1      | You fall into a shaft and drop 1 floor!
   117 | D:1      | Found a faded altar of an unknown god.
   260 | D:1      | Reached skill level 1 in Fighting
   299 | D:2      | Reached XP level 2. HP: 17/17 MP: 0/5
   421 | D:2      | Learned a level 2 spell: Passwall
   429 | D:2      | Noticed Terence
   482 | D:2      | Found a bloodstained altar of Trog.
   753 | D:2      | Reached XP level 3. HP: 22/22 MP: 6/6
   879 | D:3      | Noticed a bullfrog
   879 | D:3      | Noticed Grinder
   891 | D:3      | Killed a bullfrog
   892 | D:3      | Reached skill level 1 in Armour
   892 | D:3      | Reached skill level 4 in Earth Magic
   892 | D:3      | Reached skill level 5 in Earth Magic
   892 | D:3      | Reached XP level 4. HP: 23/28 MP: 1/7
   996 | D:3      | Learned a level 3 spell: Stone Arrow
  1098 | D:3      | Found a stormy altar of Qazlal.
  1107 | D:3      | Noticed Robin
  1141 | D:3      | Slain by a goblin

Illustrated notes

Levels and vault maps discovered:
D:1:      mrwooster_arrival_statue_2, layout_basic,
          shapermc_ecumenical_altar_starsandcircs
D:2:      layout_basic, basic_altar, grunt_ministairs_10, roderic_lattice_a,
          uniq_terence
D:3:      layout_rooms, lemuel_doored_altar, makhleb_altar_promises_db,
          nemelex_xobeh_ov_fountains_minmay, uniq_grinder, uniq_robin

Skill      XL: |  1  2  3 |
---------------+----------+-----
Fighting       | 1 2 3 |  3.0
Armour         | 1 |  1.2
Earth Magic    | 5 |  5.0
Dodging        | |  1.5
Stealth        | |  2.4
Spellcasting   | |  2.0
Conjurations   | |  0.5
Transmutations | |  0.7

Action                   |  1- 3 |  4- 6 || total
-------------------------+-------+-------++-------
Melee: Mace              |    21 |    18 ||    39
 Cast: Sandblast         |    28 |     8 ||    36
       Passwall          |       |     1 ||     1
  Use: Scroll            |       |     2 ||     2
Armor: Robe              |     1 |       ||     1
       Ring mail         |    16 |    15 ||    31
Dodge: Dodged            |    21 |    17 ||    38
